[Event "Late-Titled-Tuesday-Blitz-October-24-2023"]
[Site "Chess.com"]
[Date "2023.10.24"]
[Round "3"]
[White "Defend1r"]
[Black "Hasangatin_Ramil"]
[Result "0-1"]
[WhiteElo "2494"]
[BlackElo "2703"]
[TimeControl "180+1"]
[EndTime "14:30:34 PDT"]
[Termination "Hasangatin_Ramil won by resignation"]

1. e4 d5 2. exd5 Qxd5 3. Nc3 Qd6 4. d4 Nf6 5. Nf3 a6 6. g3 b5 7. Bg2 Bb7 8. O-O e6 9. Bf4 Qb6 10. Be3 Nd5 11. Nxd5 Bxd5 12. a4 Qb7 13. Nh4 Bxg2 14. Nxg2 Bd6 15. Qg4 g6 16. axb5 axb5 17. Rxa8 Qxa8 18.
Bh6 Nd7 19. Re1 Qd5 20. Ne3 Qh5 21. Qe4 Nb8 22. Bg7 Rg8 23. Nd5 Nd7 24. Nf6+ Nxf6 25. Bxf6 Kd7 26. Be5 Qf5 27. Qe2 Rb8 28. Ra1 Ke7 29.
Ra7 Kf8 30. h4 h5 31. c3 Kg8 32. Kg2 b4 33. c4 b3 34. c5 Bxe5 35. dxe5 Qc2 36. Qf3 Qxc5 37. Ra3 Qxe5 38. Rxb3 Rxb3 39. Qxb3 Qd5+ 40. Qxd5 exd5 41. Kf3 Kf8 42. Ke3 Ke7 43. Kd4 Kd6 44. b4 c6 45. f3 f6 46. g4 f5 47.
gxf5 gxf5 48. f4 Ke6 49. Kc5 Kd7 50. Kd4 Kd6 51. Kd3 c5 52. b5 Kc7 53. b6+ Kxb6 54.
Kc3 Kb5 55. Kb3 c4+ 56. Kc3 Kc5 57. Kc2 d4 58. Kd2 Kd5 0-1

[Event "Late-Titled-Tuesday-Blitz-October-24-2023"]
[Site "Chess.com"]
[Date "2023.10.24"]
[Round "3"]
[White "sari07"]
[Black "Haykoooo0o"]
[Result "1-0"]
[WhiteElo "2268"]
[BlackElo "2438"]
[TimeControl "180+1"]
[EndTime "14:30:34 PDT"]
[Termination "sari07 won by checkmate"]

1. Nf3 d5 2. c4 c6 3. g3 Nf6 4.
Bg2 Bf5 5. O-O e6 6. b3 h6 7.
Bb2 Be7 8. d3 O-O 9. Nbd2 Bh7 10.
a3 Nbd7 11. Qc2 Ne8 12. e4 Bf6 13. Rfe1 Bxb2 14. Qxb2 Nc5 15. Bf1 Nf6 16. b4 dxe4 17. bxc5 exf3 18. Nxf3 Qc7 19. d4 Rfd8 20. Rad1 b6 21.
cxb6 Qxb6 22. Qxb6 axb6 23. Ne5 c5 24. Bg2 Rac8 25.
Bb7 Bc2 26. Bxc8 Bxd1 27. Rxd1 Rxc8 28. d5 exd5 29. cxd5 Rd8 30. d6 Nd7 31. Nc6 Ra8 32. Re1 Nf6 33. Re7 Rxa3 34. d7 Ra1+ 35. Kg2 Nxd7 36.
Rxd7 Rb1 37. Rd8+ Kh7 38. Rb8 c4 39. Nd4 c3 40. Kf3 Rb4 41. Ke3 Rc4 42. Kd3 c2 43.
Nxc2 Rc6 44. Nd4 Rd6 45. Kc4 Rf6 46. f4 g5 47. f5 g4 48. Kd3 Rd6 49. Ke4 Kg7 50.
Rb7 Kf6 51. Rb8 Kg5 52. Rg8+ Kh5 53. Ne2 Re6+ 54. fxe6 f5+ 55. Kxf5 b5 56. Nf4# 1-0

[Event "Late-Titled-Tuesday-Blitz-October-24-2023"]
[Site "Chess.com"]
[Date "2023.10.24"]
[Round "3"]
[White "Skatchkov_V"]
[Black "OK97"]
[Result "1/2-1/2"]
[WhiteElo "2545"]
[BlackElo "2758"]
[TimeControl "180+1"]
[EndTime "14:30:36 PDT"]
[Termination "Game drawn by agreement"]

1. d4 Nf6 2. c4 g6 3. Nc3 Bg7 4.
e4 d6 5. h3 Nbd7 6. Bd3 e5 7.
d5 Nc5 8. Bc2 a5 9. g4 O-O 10.
Nge2 c6 11. Be3 cxd5 12. cxd5 Bd7 13. a3 b5 14. b4 Na6 15. Rb1 Qc7 16. Bd3 axb4 17.
axb4 Qb7 18. O-O Rfc8 19. Qb3 h5 20. f3 Nc7 21. Ra1 Be8 22. Rfb1 hxg4 23. hxg4 Nd7 24. Ra5 Rxa5 25. bxa5 Nc5 26. Bxc5 dxc5 27. Nxb5 c4 28.
Bxc4 Bxb5 29. Bxb5 Rb8 30. Nc3 Qa7+ 31. Kg2 Qxa5 32.
Rb2 Bf8 33. Qc4 Ne8 34. Ra2 Qd8 35. Bc6 Nd6 36. Qd3 Qg5 37. Ne2 Rb4 38. Qd2 Qxd2 39.
Rxd2 Nc4 40. Rd3 Kg7 41. Rc3 Bd6 42. Nc1 Na5 43. Nd3 Rb6 44. Ba4 Kf6 45. Kf2 Nb7 46.
Ke2 Na5 47. Kd2 Nb7 48. Kc2 Ke7 49. Bc6 Na5 50. Ba4 Nb7 51. Rb3 Rxb3 52. Kxb3 Nc5+ 53.
Nxc5 Bxc5 54. Kc4 Bd6 55. Kb5 Ba3 56. Kc6 Bd6 57. Bb5 g5 58. Ba6 f6 59. Bc8 Ba3 60. Bf5 Bd6 61. Kb7 Ba3 62. Kc8 Bd6 1/2-1/2

[Event "Late-Titled-Tuesday-Blitz-October-24-2023"]
[Site "Chess.com"]
[Date "2023.10.24"]
[Round "3"]
[White "meoluoi91"]
[Black "Artemiki"]
[Result "1-0"]
[WhiteElo "2597"]
[BlackElo "2393"]
[TimeControl "180+1"]
[EndTime "14:30:41 PDT"]
[Termination "meoluoi91 won by checkmate"]

1. d4 Nf6 2. Nf3 c5 3. e3 d5 4. c4 cxd4 5. exd4 dxc4 6. Bxc4 e6 7. Nc3 Be7 8. O-O O-O 9. Bg5 Nbd7 10. Re1 b6 11. Qe2 h6 12. Bh4 Bb7 13. Rad1 Rc8 14.
Ne5 Qc7 15. Bb3 Bd6 16. Nb5 Qb8 17. Nxd6 Qxd6 18. Bg3 Nxe5 19. Bxe5 Qc6 20. f3 Nd5 21. a3 a5 22. Ba2 b5 23. Bb1 Qc4 24.
Bd3 Qb3 25. Rd2 b4 26. Ra1 Rfe8 27. Bd6 Rc6 28. Bc5 e5 29. Bc2 Qxb2 30. Bh7+ Kxh7 31. Rxb2 Nc3 32. Qd3+ e4 33. fxe4 Rxe4 34. axb4 axb4 35.
Rxb4 Re6 36. Rxb7 Ne2+ 37. Kf2 Nf4 38. Qxe4+ Rxe4 39. Kf3 Re2 40. Kxf4 Rxg2 41. Kf3 Rxh2 42. Rxf7 Rc2 43. Raa7 Rc3+ 44. Ke4 Kg6 45. Rxg7+ Kh5 46.
Ra6 Rc1 47. Rg2 Re1+ 48. Kd5 Kh4 49. Be7+ Kh3 50. Rgg6 h5 51. Rg5 h4 52. Rh6 Rf1 53.
Rg8 Ra1 54. Rxh4# 1-0

[Event "Late-Titled-Tuesday-Blitz-October-24-2023"]
[Site "Chess.com"]
[Date "2023.10.24"]
[Round "3"]
[White "tteshan"]
[Black "eljanov"]
[Result "0-1"]
[WhiteElo "2510"]
[BlackElo "2791"]
[TimeControl "180+1"]
[EndTime "14:30:43 PDT"]
[Termination "eljanov won by resignation"]

1. e4 c6 2. d4 d5 3. Nc3 dxe4 4. Nxe4 Nf6 5. Nxf6+ exf6 6. c3 Bd6 7. Bd3 O-O 8. Ne2 Re8 9. O-O Nd7 10. Ng3 g6 11. Bh6 f5 12. Qd2 Bf8 13. Rfe1 Nf6 14. Bg5 Be6 15.
d5 cxd5 16. Bb5 h6 17. Bxf6 Qxf6 18. Bxe8 Rxe8 19. Ne2 Bd7 20. Nf4 Rd8 21. Rad1 Bc6 22. Qd4 Qg5 23. Nd3 b6 24. Qf4 Qf6 25. Qe5 Qh4 26. Qf4 Qxf4 27. Nxf4 Bd6 28. Ne2 Kf8 29. Nd4 Bd7 30. g3 h5 31. Kg2 f4 32. Rd2 Kg7 33.
Rde2 Kf6 34. f3 g5 35. Kf2 Rh8 36. Kg2 fxg3 37. hxg3 h4 38. gxh4 gxh4 39. f4 Rg8+ 40. Kh1 Rg4 41. Rf1 Rxf4 42. Rxf4+ Bxf4 43. Rf2 Ke5 44. Nf3+ Ke4 45. Nxh4 f5 46. Re2+ Be3 47. Ng2 f4 48. Re1 Bg4 49. Nxe3 fxe3 50. Kg1 Kd3 51. Kg2 Kd2 52. Ra1 Bf5 53. Kf3 Be4+ 54. Kg3 b5 55. Rg1 a5 56. Rf1 e2 57. Rf2 Kd1 58.
Rxe2 Kxe2 59. Kf4 Kd3 60. Ke5 Kc2 61. b3 0-1

[Event "Late-Titled-Tuesday-Blitz-October-24-2023"]
[Site "Chess.com"]
[Date "2023.10.24"]
[Round "3"]
[White "BardArtem"]
[Black "Jospem"]
[Result "0-1"]
[WhiteElo "2707"]
[BlackElo "3082"]
[TimeControl "180+1"]
[EndTime "14:30:44 PDT"]
[Termination "Jospem won by resignation"]

1. e4 c5 2. Nf3 d6 3. Nc3 a6 4. g3 Nc6 5. Bg2 g6 6. O-O Bg7 7. Re1 Bd7 8. h4 Nf6 9. d3 O-O 10. a4 Bg4 11. Qd2 Rb8 12. Ne2 b5 13. axb5 axb5 14. c3 b4 15. Nf4 bxc3 16. bxc3 Bd7 17. Ba3 Ng4 18. Reb1 Rxb1+ 19. Rxb1 Qa5 20. Bb2 Rb8 21. Rc1 Qa2 22. Rc2 Qb1+ 23. Bc1 Nce5 24. Rb2 Rxb2 25. Qxb2 Qxb2 26. Bxb2 Nc6 27. Bh3 h5 28. d4 Na5 29. dxc5 dxc5 30. Ba3 Nb3 31. Nd3 c4 32. Nb2 Bc6 33. Nxc4 e6 34. Bxg4 hxg4 35. Nd4 Nxd4 36. cxd4 Bxe4 37. Bc5 Bd5 38. Ne5 Bf3 39. Nxf3 gxf3 40. Kh2 f5 41. g4 e5 42. dxe5 Bxe5+ 43. Kh3 Kf7 44. gxf5 gxf5 45. Be3 Kg6 46. Bb6 Bf4 47. Bd4 Kh5 48. Ba7 Be5 49. Bc5 Bb8 50. Bb6 Bd6 51. Bd4 Bc7 52. Bc5 Bb8 53. Bb6 f4 54. Bc5 Be5 55. Bb6 Bf6 56. Bc5 Bxh4 57.
Bb6 Bf6 58. Bc5 Kg5 59. Ba7 Kf5 60. Bb6 Ke4 61. Kg4 Be5 62. Ba7 Bc7 63. Bc5 Ba5 64. Ba7 Bd2 65. Bc5 Be3 66. Ba3 Bxf2 67. Bc1 Be3 0-1

[Event "Late-Titled-Tuesday-Blitz-October-24-2023"]
[Site "Chess.com"]
[Date "2023.10.24"]
[Round "3"]
[White "campochess"]
[Black "SmirnovTimofey2000"]
[Result "1-0"]
[WhiteElo "2214"]
[BlackElo "2301"]
[TimeControl "180+1"]
[EndTime "14:30:47 PDT"]
[Termination "campochess won on time"]

1. d4 d5 2. Bg5 Nf6 3. Nd2 e6 4. e3 Be7 5. Bd3 h6 6. Bh4 Nbd7 7. Ngf3 O-O 8. O-O c5 9. c4 dxc4 10. Nxc4 cxd4 11. exd4 Nd5 12. Bg3 b5 13. Nce5 Nxe5 14. Nxe5 Bd7 15. Rc1 a6 16. Be4 Rc8 17. Qf3 Nf6 18.
Rxc8 Qxc8 19. Bb7 Qd8 20. Rc1 a5 21. Bc6 b4 22. Qd3 Bxc6 23. Nxc6 Qd7 24. Nxe7+ Qxe7 25. Rc7 Qd8 26. Qc4 Nd5 27. Rc5 Qd7 28. Rxa5 Rc8 29. Rc5 Ra8 30. h4 h5 31. a3 bxa3 32. bxa3 Rb8 33. a4 Ra8 34. a5 Qb7 35. Rb5 Qa7 36.
Bd6 Qd7 37. Bc5 Rc8 38. a6 Nb6 39. Qb4 Nd5 40. Qb2 Ra8 41. a7 Rxa7 42. Bxa7 Qxa7 43. Rb8+ Kh7 44. Qc2+ g6 45. Qc8 Qa1+ 46. Kh2 Qxd4 47. Qg8+ Kh6 48. Qh8+ Qxh8 49. Rxh8+ Kg7 50. Rd8 Nf4 51.
Kg3 Ne2+ 52. Kf3 Nc3 53. Rd4 Nd5 54. Ke4 Nf6+ 55. Kd3 Nd5 56. g3 Nf6 57. f3 Nd5 58. Ke4 Nf6+ 59. Ke5 Nd5 60. Rxd5 exd5 61. Kxd5 Kf6 62.
Ke4 g5 63. f4 gxh4 64. gxh4 Ke6 65. f5+ Kf6 66. Kf4 Kg7 67. Kg5 1-0

[Event "Late-Titled-Tuesday-Blitz-October-24-2023"]
[Site "Chess.com"]
[Date "2023.10.24"]
[Round "3"]
[White "Hoshka"]
[Black "Xqswdc"]
[Result "1-0"]
[WhiteElo "2069"]
[BlackElo "2331"]
[TimeControl "180+1"]
[EndTime "14:30:50 PDT"]
[Termination "Hoshka won by checkmate"]

1. d4 e6 2. c4 Nf6 3. g3 d5 4.
Bg2 Bb4+ 5. Bd2 Be7 6. Nf3 O-O 7.
Qc2 Nbd7 8. O-O Ne4 9. Nc3 Nxd2 10. Nxd2 c6 11. e4 dxe4 12. Ndxe4 Nf6 13. Rad1 Qa5 14. a3 Rd8 15. c5 Nd5 16. h4 Bd7 17.
Rd3 e5 18. b4 Qc7 19. dxe5 Bf5 20. Nxd5 cxd5 21. Nd6 Bxd3 22. Qxd3 Bf8 23. Bxd5 Bxd6 24. exd6 Qd7 25. Qf3 Rab8 26. Re1 Re8 27. Rxe8+ Rxe8 28. Bxb7 Qh3 29. Be4 g6 30. c6 f5 31. d7 Rf8 32.
Bd5+ Kg7 33. Qc3+ Kh6 34. Qd2+ f4 35. Bg2 Qe6 36. d8=Q Rxd8 37. Qxd8 Qe1+ 38. Kh2 f3 39. Qg5+ Kg7 40. Bxf3 Qxf2+ 41. Bg2 Qc2 42. h5 Kf7 43. h6 Qc1 44. Qd5+ Kf6 45. Qd6+ Kf7 46. c7 Qxh6+ 47. Kg1 Qc1+ 48. Bf1 Qe3+ 49. Kg2 Qe4+ 50. Kh2 Qc2+ 51.
Bg2 Qd3 52. Qf4+ Kg7 53. Qe4 Qd1 54. Qe7+ Kh6 55. Qd8 Kg7 56. Qxd1 Kh6 57. c8=Q Kg5 58. Qc5+ Kh6 59. Qd2+ Kg7 60. Qe7+ Kg8 61. Qdd8# 1-0

[Event "Late-Titled-Tuesday-Blitz-October-24-2023"]
[Site "Chess.com"]
[Date "2023.10.24"]
[Round "3"]
[White "Mikedannnn"]
[Black "AndresDelgado77"]
[Result "1/2-1/2"]
[WhiteElo "2560"]
[BlackElo "2355"]
[TimeControl "180+1"]
[EndTime "14:30:52 PDT"]
[Termination "Game drawn - insufficient material"]

1. e4 e6 2. d4 d5 3. Nc3 Nf6 4.
e5 Nfd7 5. f4 c5 6. Nf3 Nc6 7. Be3 cxd4 8. Nxd4 Qb6 9. a3 Bc5 10.
Na4 Qa5+ 11. c3 Bxd4 12. Bxd4 Nxd4 13. Qxd4 b6 14. Qb4 Qxb4 15. axb4 Bb7 16. Bb5 Ke7 17. Kd2 g5 18. Bxd7 Kxd7 19. fxg5 Rag8 20. h4 h6 21.
Raf1 Ke7 22. b3 hxg5 23. h5 d4 24. Rf2 dxc3+ 25. Nxc3 g4 26. Nb5 g3 27. Re2 Ba6 28. Nxa7 Bxe2 29. Kxe2 Rg5 30. Nc6+ Kd7 31. b5 Rhxh5 32.
Ra1 Rxe5+ 33. Nxe5+ Rxe5+ 34. Kf3 Rxb5 35. Ra7+ Ke8 36.
Kxg3 Rxb3+ 37. Kf4 Rb2 38. g4 Kf8 39. Rd7 b5 40.
Rb7 Kg7 41. Kg5 b4 42. Kh5 Kf6 43. g5+ Ke5 44. Rxf7 Rh2+ 45. Kg6 b3 46. Rb7 b2 47. Rb5+ Kd4 48. Kf6 Re2 49. g6 Kc3 50. g7 Rg2 51. Rb8 e5 52. Rc8+ Kb3 53. Rb8+ Ka2 54. Ra8+ Kb1 55. g8=Q Rxg8 56. Rxg8 Kc2 57. Rc8+ Kd2 58. Rb8 Kc1 59. Kxe5 b1=Q 60. Rxb1+ Kxb1 1/2-1/2

[Event "Late-Titled-Tuesday-Blitz-October-24-2023"]
[Site "Chess.com"]
[Date "2023.10.24"]
[Round "3"]
[White "Truequitos"]
[Black "Aemulus20"]
[Result "1-0"]
[WhiteElo "2481"]
[BlackElo "2630"]
[TimeControl "180+1"]
[EndTime "14:30:53 PDT"]
[Termination "Truequitos won by checkmate"]

1. d4 Nf6 2. Nf3 g6 3. Bf4 Bg7 4. Nc3 c5 5. d5 d6 6. Qd2 Qa5 7. e4 a6 8. Bd3 O-O 9. Bh6 Bg4 10. O-O Bxf3 11. gxf3 Nh5 12. Bxg7 Kxg7 13. f4 e5 14. dxe6 fxe6 15. f5 Nc6 16. Rae1 Nd4 17. f4 exf5 18.
exf5 Rae8 19. Rxe8 Rxe8 20. Qg2 c4 21. Qxb7+ Kh8 22.
fxg6 Ng7 23. Bxc4 Qc5 24. Qd5 Ne2+ 25. Kg2 Nxc3 26. Qxc5 dxc5 27. bxc3 hxg6 28. Bxa6 Nf5 29. Kf2 Re3 30. Bd3 Rh3 31. Bxf5 gxf5 32. Ke2 Rxc3 33. Kd2 Ra3 34. Ra1 Kg7 35. c3 Kg6 36. Kc2 Kh5 37. Kb2 Ra4 38. Rf1 Kg4 39. Kb3 Ra8 40. a4 Rb8+ 41. Kc4 Ra8 42. Kxc5 Rxa4 43. c4 Ra2 44.
Kc6 Rxh2 45. c5 Rc2 46. Kd6 Rd2+ 47. Kc7 Rd4 48. c6 Rxf4 49. Rxf4+ Kxf4 50. Kd6 Kg3 51. c7 f4 52. c8=Q f3 53. Qc3 Kg2 54. Qg7+ Kh1 55.
Qh6+ Kg1 56. Qg5+ Kf1 57. Qc1+ Kg2 58. Qg5+ Kf1 59. Qb5+ Kg2 60. Qd5 Kf2 61. Ke5 Ke3 62. Qd4+ Ke2 63. Ke4 f2 64. Qd3+ Ke1 65. Ke3 f1=Q 66.
Qb1# 1-0

[Event "Late-Titled-Tuesday-Blitz-October-24-2023"]
[Site "Chess.com"]
[Date "2023.10.24"]
[Round "3"]
[White "Iball95"]
[Black "Ykow"]
[Result "0-1"]
[WhiteElo "2813"]
[BlackElo "2531"]
[TimeControl "180+1"]
[EndTime "14:30:58 PDT"]
[Termination "Ykow won by checkmate"]

1. e4 c5 2. Nf3 d6 3. Nc3 Nf6 4. d4 cxd4 5. Qxd4 Nc6 6. Bb5 Qa5 7. Bxc6+ bxc6 8. e5 dxe5 9. Nxe5 Bb7 10. O-O Rd8 11.
Qf4 e6 12. Re1 Qc7 13. Qg3 c5 14. Nb5 Qb6 15. a4 a6 16. Nc4 Qc6 17. Nc7+ Ke7 18.
Na5 Qb6 19. Nxb7 Qxb7 20. Bf4 Rd7 21. Rad1 Kd8 22. Rxd7+ Nxd7 23. Rd1 Kc8 24. Qd3 Qc6 25. Nxa6 Be7 26. Qb5 Qxb5 27. axb5 Nb6 28. b3 Nd5 29. Bg3 Nc3 30. Ra1 Kb7 31. Nc7 Rc8 32. Be5 Bf6 33.
Bxf6 gxf6 34. Na6 Nxb5 35. b4 cxb4 36. Nxb4 Rc4 37. Rb1 Nc3 38. Rb3 Kc7 39. g3 Ne2+ 40.
Kf1 Nd4 41. Rb2 Kd6 42. h4 h5 43. Kg2 e5 44. f3 f5 45. Kf2 e4 46. fxe4 fxe4 47. Ke3 Ke5 48. Kd2 Nf3+ 49. Ke2 f5 50.
Na2 Nd4+ 51. Kd2 f4 52. gxf4+ Kxf4 53. c3 Nf3+ 54. Ke2 Nxh4 55. Rb5 Nf5 56. Nb4 Ng3+ 57. Ke1 Kf3 58. Nd5 e3 59. Rb8 Ke4 60. Nf6+ Kd3 61. Rd8+ Kc2 62. Nd5 Re4 63. Nb4+ Kxc3 64. Nd5+ Kc4 65.
Nb6+ Kb5 66. Nd5 Kc6 67. Nc3 Re5 68. Rh8 Rf5 69. Ne2 Rf1# 0-1

[Event "Late-Titled-Tuesday-Blitz-October-24-2023"]
[Site "Chess.com"]
[Date "2023.10.24"]
[Round "3"]
[White "Evandro_Barbosa"]
[Black "vugarrasulov"]
[Result "0-1"]
[WhiteElo "2687"]
[BlackElo "3001"]
[TimeControl "180+1"]
[EndTime "14:31:24 PDT"]
[Termination "vugarrasulov won on time"]

1. e4 e5 2. Nf3 Nc6 3. Bc4 Nf6 4. d3 Bc5 5. Bg5 h6 6. Bh4 Be7 7. Bxf6 Bxf6 8. Nc3 d6 9. Qd2 Na5 10. Nd5 Nxc4 11. dxc4 Be6 12. O-O-O Bg5 13. Nxg5 hxg5 14. Qc3 Bxd5 15. cxd5 g6 16. g3 g4 17. f4 gxf3 18. Qxf3 Qe7 19. Rdf1 Rh7 20. h4 O-O-O 21. Qf6 Qxf6 22.
Rxf6 Kd7 23. Rhf1 Ke7 24. Kd2 c6 25. c4 cxd5 26. cxd5 Rc8 27. Kd3 Rc5 28. b4 Rc7 29. a3 b5 30. Kd2 Rc4 31. Kd3 Rd4+ 32. Ke3 a5 33. bxa5 Ra4 34. R6f3 Rxa3+ 35. Kd2 Ra2+ 36. Kc3 Rxa5 37. Kb4 Ra4+ 38. Kxb5 Rxe4 39. Rc1 Rd4 40. Rc7+ Kf8 41. Kc6 e4 42. Re3 Rh5 43. Kxd6 Rdxd5+ 44. Kc6 Rc5+ 45. Kb7 Rxc7+ 46. Kxc7 Re5 47.
Kd6 f6 48. g4 Kf7 49. g5 Re6+ 50. Kd5 f5 51. Kd4 Rd6+ 52. Ke5 Re6+ 53. Kf4 Rc6 54. h5 Rc1 55. h6 Rf1+ 56. Ke5 Rf3 57. Re2 e3 58.
Rh2 Kg8 59. Kf6 Rf2 60. Rh1 e2 61. Rb1 Rf1 62. Rb8+ Kh7 63. Rb7+ Kg8 64. Rb8+ Kh7 65. Rb7+ Kg8 66. Kxg6 Kf8 67. Rb8+ Ke7 68. h7 Rh1 69. h8=Q Rxh8 70. Rb7+ Ke6 71. Rb6+ Ke5 0-1

[Event "Late-Titled-Tuesday-Blitz-October-24-2023"]
[Site "Chess.com"]
[Date "2023.10.24"]
[Round "3"]
[White "Triumphmate"]
[Black "sergiochess83"]
[Result "1/2-1/2"]
[WhiteElo "2525"]
[BlackElo "2871"]
[TimeControl "180+1"]
[EndTime "14:31:31 PDT"]
[Termination "Game drawn by stalemate"]

1. e4 c5 2. Nf3 Nc6 3. d4 cxd4 4.
Nxd4 Nf6 5. Nc3 d6 6. f4 g6 7. Nf3 Bg7 8. Bd3 O-O 9. O-O Nd7 10. Kh1 b6 11. Qe1 Bb7 12. Bd2 Nb4 13. a3 Nxd3 14. cxd3 Nc5 15. Qe2 Ba6 16. Ne1 Nb3 17. Rd1 Nxd2 18.
Rxd2 Rc8 19. f5 e6 20. Qf3 Bb7 21. f6 Bh8 22. Rdf2 e5 23. Qh3 Re8 24. Nf3 Bxf6 25. Ng5 Bxg5 26. Rxf7 h6 27. Rxb7 Rc7 28. Rxc7 Qxc7 29.
Qg4 Qc8 30. Qg3 Qe6 31. Nd5 Rf8 32. Rxf8+ Kxf8 33. h3 Kg7 34. Qf2 Qf7 35. Kg1 Qxf2+ 36. Kxf2 Bc1 37. Nc7 Bxb2 38. a4 Kf7 39. Nb5 a6 40.
Nxd6+ Ke6 41. Ne8 Kd7 42. Nf6+ Kc6 43. Ke2 b5 44. axb5+ Kxb5 45. Kd2 a5 46. Kc2 Bd4 47. g4 Kc6 48. h4 Kd6 49. h5 gxh5 50. gxh5 Ke6 51.
Ng4 a4 52. Nxh6 Kf6 53. Nf5 Bc5 54. Kc3 Kg5 55. h6 Kg6 56. Kc4 a3 57. Kb3 Kh7 58. Ka2 Kg6 59. Kb1 Kh7 60. Ka1 Kg6 61. Ka2 Kh7 62.
Kb3 Kg6 63. Kc2 Kh7 64. Kc3 Kg6 65. Kb3 Kh7 66. Nh4 Kxh6 67. Nf3 Bd6 68. Nd2 Kg5 69. Nc4 Bc7 70. Kxa3 Kf4 71. Kb4 Bb8 72. Kb5 Ba7 73.
Kc6 Bd4 74. Kd5 Ba1 75. Na5 Ke3 76. Nc6 Kxd3 77. Nxe5+ Ke3 78. Nc4+ Kf4 79. Nb6 Kg5 80. Na4 Kf6 81. Nc5 Ke7 82. Nb3 Bb2 83. Nd4 Bxd4 84.
Kxd4 Kd6 85. e5+ Ke6 86. Ke4 Ke7 87. Kd4 Ke6 88. Ke4 Ke7 89. Kd5 Kd7 90. e6+ Ke7 91. Ke5 Ke8 92. Kd6 Kd8 93. e7+ Ke8 94. Ke6 1/2-1/2

[Event "Late-Titled-Tuesday-Blitz-October-24-2023"]
[Site "Chess.com"]
[Date "2023.10.24"]
[Round "3"]
[White "MajorCoast"]
[Black "Deeper44"]
[Result "0-1"]
[WhiteElo "2258"]
[BlackElo "2535"]
[TimeControl "180+1"]
[EndTime "14:31:36 PDT"]
[Termination "Deeper44 won by checkmate"]

1. d4 Nf6 2. Nf3 g6 3. Nbd2 d5 4. b4 Bg7 5. e3 O-O 6. c4 c6 7. Be2 Nbd7 8. a4 e5 9. Nxe5 Nxe5 10. dxe5 Nd7 11. f4 Qb6 12. Qb3 a5 13. Ba3 axb4 14.
Qxb4 Qxe3 15. Rf1 c5 16. Qb1 Rxa4 17. Bb2 Rxa1 18. Qxa1 Nxe5 19. Bxe5 Bg4 20. Nf3 Re8 21. h3 Bf5 22. Rf2 Bd3 23. Ng1 f6 24. Bxf6 Bxe2 25. Nxe2 d4 26. Bxg7 Kxg7 27. Kf1 Kg8 28. Qc1 Qe4 29.
Qd2 d3 30. Nc3 Qxc4 31. Nd1 Ra8 32. Rf3 Ra3 33. Kf2 Qd4+ 34. Qe3 Ra2+ 35. Kg3 Qxe3 36. Rxe3 c4 37. Nc3 Rc2 38. Ne4 d2 39. Nf2 c3 40.
Nd1 Rc1 41. Rxc3 Rxd1 42. Rd3 Kf7 43. Kf2 Ke6 44. Ke2 Rg1 45. Kxd2 Rxg2+ 46. Kc3 Rf2 47. Rd4 Rf3+ 48. Kc4 Rxh3 49. Kb5 Kf5 50. Kb6 Rh4 51.
Kxb7 Rxf4 52. Rd7 h5 53. Rd3 Rc4 54. Kb6 h4 55. Rd5+ Kg4 56. Rd1 g5 57. Rg1+ Kh5 58. Kb5 Rc2 59. Kb4 h3 60. Kb3 Rc8 61. Rg3 Kh4 62.
Re3 g4 63. Re7 Kg3 64. Re3+ Kh4 65. Re7 h2 66. Rh7+ Kg3 67. Rh6 Kg2 68. Rg6 g3 69. Rg7 Kf2 70. Rf7+ Kg1 71. Rd7 g2 72. Rd1+ Kf2 73.
Rd2+ Kf3 74. Rd7 g1=Q 75. Rf7+ Ke4 76. Re7+ Kf5 77. Rd7 h1=Q 78. Kb4 Qb1+ 79. Ka5 Qa8+ 80. Ra7 Qxa7# 0-1

[Event "Late-Titled-Tuesday-Blitz-October-24-2023"]
[Site "Chess.com"]
[Date "2023.10.24"]
[Round "3"]
[White "Kombinator01"]
[Black "dedpihto_v_kozhanom_palto"]
[Result "0-1"]
[WhiteElo "2438"]
[BlackElo "2637"]
[TimeControl "180+1"]
[EndTime "14:31:42 PDT"]
[Termination "dedpihto_v_kozhanom_palto won by resignation"]

1. e4 g6 2. d4 Bg7 3. Nc3 d6 4. Bf4 Nc6 5. Nge2 Nf6 6. Qd2 O-O 7. O-O-O Nd7 8. Bh6 e5 9. Bxg7 Kxg7 10. h4 h5 11. g4 hxg4 12. h5 Rh8 13. d5 Nd4 14.
Nxd4 exd4 15. Qxd4+ Qf6 16. h6+ Kh7 17. Nb5 Qxd4 18.
Rxd4 a6 19. Nc3 Ne5 20. Be2 Bd7 21. Nd1 g5 22. Ne3 Kg6 23. Rg1 Rxh6 24. Rb4 b6 25. Bxg4 a5 26. Rb3 Rh4 27. Bxd7 Nxd7 28. Rc3 Nc5 29. f3 Rah8 30. Nf5 Rh1 31. Rxh1 Rxh1+ 32. Kd2 Kf6 33. a3 a4 34. b4 axb3 35. cxb3 Ke5 36. b4 Na6 37. Ke3 Re1+ 38. Kf2 Ra1 39. Kg3 Ra2 40. Kg4 Rg2+ 41. Kh3 Rg1 42. Kh2 Rb1 43. Kg3 Rb2 44. Rd3 Nb8 45. Ne3 Kf6 46.
Ng4+ Kg6 47. Rc3 Na6 48. Rc1 Ra2 49. Rc3 f6 50. Ne3 Kf7 51. Nf5 Ke8 52. Nd4 Kd7 53.
Ne6 Ra1 54. Kg4 Rf1 55. Kf5 Rf2 56. Kxf6 g4 57. Ng5 g3 58. Rc1 g2 59. Rg1 c5 60.
dxc6+ Kxc6 61. Kf5 Nc7 62. Kf4 d5 63. exd5+ Nxd5+ 64. Kg3 Ra2 65. Rxg2 Rxa3 66. Ne4 Nxb4 67. Rb2 Nd3 68.
Rc2+ Kd5 69. Nc3+ Ke6 70. Ne4 Ne5 71. Rf2 b5 72. Kf4 Nc4 73. Kg5 Ne5 74. f4 Nf3+ 75. Kg4 Nd4 76. f5+ Ke5 77. f6 Kxe4 78. f7 Ne6 79.
f8=Q Nxf8 80. Rxf8 Rc3 81. Rb8 Rc5 82. Kg3 Kd3 83.
Kf2 Kc2 84. Ke1 Re5+ 85. Kf2 Kc3 86. Kf3 b4 87. Kf4 Re7 88. Rc8+ Kb2 0-1

[Event "Late-Titled-Tuesday-Blitz-October-24-2023"]
[Site "Chess.com"]
[Date "2023.10.24"]
[Round "3"]
[White "Mikhail_Golubev"]
[Black "Veleamater"]
[Result "1-0"]
[WhiteElo "2557"]
[BlackElo "2328"]
[TimeControl "180+1"]
[EndTime "14:31:50 PDT"]
[Termination "Mikhail_Golubev won by resignation"]

1. e4 d6 2. d4 g6 3. c4 Bg7 4.
Nc3 Nf6 5. Be2 O-O 6. Be3 Nc6 7.
d5 Ne5 8. f4 Ned7 9. Nf3 e6 10.
dxe6 fxe6 11. O-O Ng4 12. Bc1 Nb6 13. Ng5 Nh6 14. Be3 Nf7 15. Nxf7 Rxf7 16. Qc2 Bd7 17. Rad1 Qe7 18. a4 Bc6 19. a5 Nc8 20. Bd3 e5 21. f5 gxf5 22. exf5 Bf6 23. Be4 Kh8 24. Nd5 Bxd5 25. Bxd5 Rg7 26. Bxb7 Rb8 27. Bxc8 Rxc8 28. Bxa7 Ra8 29. Qf2 Rag8 30. g3 c5 31. Bb6 e4 32. Kg2 e3 33. Qe2 Qe4+ 34. Rf3 Bd4 35. Rd3 Re8 36. b4 Rf7 37. bxc5 dxc5 38. f6 Rxf6 39.
Bxc5 Rxf3 40. Bxd4+ Kg8 41. Qxf3 e2 42. Qxe4 Rxe4 43.
Bf2 e1=Q 44. Bxe1 Rxe1 45. Rd5 Ra1 46. Kh3 Kf7 47. Rf5+ Kg6 48. Rd5 Ra4 49. Rd6+ Kg5 50. Rd5+ Kg6 51. Rc5 Kf6 52. Rc6+ Kg5 53. Rc5+ Kg6 54.
Kh4 Kf6 55. h3 Ra3 56. g4 Kg6 57. Rc6+ Kg7 58. a6 h6 59. c5 Kh7 60. Rc7+ Kg6 61. a7 Kf6 62. Rb7 Ke6 63. Rh7 Kd5 64. Rxh6 Rxa7 65. Rh5+ Ke6 66. Rf5 Ra3 67. Rg5 Rc3 68.
Rh5 Kf6 69. c6 Kg6 70. Rg5+ Kh6 71. Rh5+ Kg6 72. Rg5+ Kh6 73. Re5 Rxc6 74. Re3 Kg6 75.
Kg3 Rc1 76. h4 Rg1+ 77. Kf3 Rf1+ 78. Kg2 Rf4 79. Kg3 Rf1 80. Re6+ Kf7 81. Ra6 Rg1+ 82. Kf3 Rh1 83. h5 Rb1 84. Kg3 Rh1 85. Kf4 Rb1 86. Kg5 Rb5+ 87. Kh4 Rb4 88. h6 Kg8 89. Kh5 Rb1 90. g5 Rb8 91. g6 Rb5+ 92. Kg4 Rb4+ 93. Kf5 Rb8 94. Kf6 Rf8+ 95. Kg5 Rc8 96. Rf6 Rc5+ 97.
Rf5 Rc8 98. Rf6 Rc5+ 99. Rf5 Rc8 100. Kh5 Rd8 101. h7+ Kg7 102. Rf7+ Kh8 103. Kh6 Rg8 104. g7+ Rxg7 105. Rf8+ 1-0

[Event "Late-Titled-Tuesday-Blitz-October-24-2023"]
[Site "Chess.com"]
[Date "2023.10.24"]
[Round "3"]
[White "Malev212"]
[Black "HalfIsCrayfish"]
[Result "1-0"]
[WhiteElo "2652"]
[BlackElo "2544"]
[TimeControl "180+1"]
[EndTime "14:32:17 PDT"]
[Termination "Malev212 won by checkmate"]

1. d4 Nf6 2. Bg5 e6 3. e4 h6 4. Bxf6 Qxf6 5. c3 d5 6. Nd2 c5 7. Ngf3 Nc6 8. Bb5 Bd7 9. Qe2 cxd4 10. exd5 dxc3 11. Ne4 cxb2 12. Rb1 Bb4+ 13. Kf1 Qf4 14. dxc6 bxc6 15. Bd3 Ba3 16. g3 Qc7 17. Kg2 O-O 18.
Rhd1 e5 19. Ned2 Rae8 20. Nc4 e4 21. Bxe4 Bf5 22. Nfd2 Qe7 23. Qf3 Bxe4 24. Nxe4 Qxe4 25. Qxe4 Rxe4 26. Nxa3 Ra4 27. Rd3 Rb8 28. Rc3 c5 29. Nc4 Rxa2 30. Rc2 Ra4 31. Rbxb2 Rxb2 32. Nxb2 Ra2 33.
Rd2 g6 34. Kf3 Kg7 35. Nc4 Ra4 36. Rc2 Ra1 37. Ke4 Rh1 38. f4 Rd1 39. Ne3 Rh1 40. Kd5 Re1 41. Ke4 Rh1 42. Kd3 a5 43. Ra2 a4 44.
Ke4 h5 45. h4 Rg1 46. Kf3 Rb1 47. Rxa4 Rb3 48. Rc4 Rb5 49. Ke4 Kf6 50. f5 Rb3 51. fxg6 fxg6 52. Rxc5 Rb4+ 53. Kf3 Kg7 54. Rc4 Rb5 55.
Rc7+ Kh6 56. Rc6 Re5 57. Rc4 Re8 58. Re4 Rf8+ 59. Rf4 Rd8 60. Re4 Rd2 61. Re6 Rd8 62.
Nf5+ Kh7 63. Re7+ Kh8 64. Ne3 Rf8+ 65. Ke4 Rf2 66. Nd5 Kg8 67. Nf4 Rf1 68. Re6 Kf7 69. Re5 Kf6 70. Re6+ Kf7 71. Ra6 Re1+ 72. Kf3 Rf1+ 73. Kg2 Rb1 74. Nxg6 Rb2+ 75. Kh3 Rb1 76. Nf4 Kg7 77. Nxh5+ Kh7 78. Nf4 Kg7 79. Ra7+ Kf6 80. Ra6+ Kf5 81. Ra5+ Kf6 82. Kg4 Rb8 83. Rf5+ Kg7 84.
Rg5+ Kh7 85. h5 Kh6 86. Rg6+ Kh7 87. Kg5 Rb5+ 88. Kh4 Rb1 89. g4 Kh8 90. Kg5 Rb5+ 91. Kh4 Rb4 92. Ne6 Kh7 93. Rf6 Kg8 94. Ng5 Kg7 95. Rg6+ Kh8 96. Nf7+ Kh7 97. Ne5 Rb5 98. Re6 Rb1 99. Re7+ Kg8 100. h6 Rh1+ 101. Kg5 Kf8 102. Rf7+ Kg8 103. Kg6 Kh8 104. Rf8# 1-0